AoeStats
← 我血你

Black Forest

509569342Analyzed
4v4 RM · 7d ago on Sep 27, 2026· 145m 34s· 8 players
Game mode
Random Map
Map size
Large (8 player)
Population
200
Speed
Normal
Resources
Standard
Victory
Conquest
Starting age
Dark Age
Ending age
Imperial Age
RankedLock teamsTeams togetherTeam positionsShared explorationLock speedFull tech treeHidden civsTurbo modeCheats
Victory
Defeat
🇨🇳 Turks · China
944
+14
🇨🇳 Khmer · China
941
+14
🇨🇳 Jurchens · China
890
+16
🇹🇷 Mongols · Türkiye
826
+19
🇩🇪 Lithuanians · Germany
1013
-21
🇲🇽 Saracens · Mexico
888
-15
🇲🇽 Bohemians · Mexico
880
-15
🇩🇪 Huns · Germany
808
-12
Fatih
12:54 Feudal Age
14:38 Wheelbarrow
14:21 Double-Bit Axe
17:12 Castle Age
15:46 Horse Collar
18:00 Heavy Plow
18:25 Bow Saw
21:26 Gold Mining
24:38 Gold Shaft Mining
23:55 Stone Mining
25:31 Stone Shaft Mining
26:57 Forging
26:52 Scale Barding Armor
27:02 Fervor
27:20 Hand Cart
26:50 Loom
26:51 Town Watch
28:54 Iron Casting
28:43 Chain Barding Armor
29:32 Husbandry
29:43 Bloodlines
32:55 Imperial Age
32:58 Masonry
33:10 Ballistics
32:59 Heavy Camel Rider
34:41 Blast Furnace
33:33 Fletching
33:43 Padded Archer Armor
35:11 Coinage
36:51 Chemistry
35:57 Siege Engineers
35:57 Nomads
36:18 Drill
36:19 Conscription
38:17 Hoardings
37:06 Elite Mangudai
38:41 Town Patrol
39:14 Banking
38:45 Caravan
38:49 Elite Steppe Lancer
38:50 Light Cavalry
38:51 Heavy Scorpion
40:11 Capped Ram
41:02 Bodkin Arrow
41:22 Leather Archer Armor
41:49 Hoardings
45:36 Siege Ram
45:55 Hussar
46:22 Onager
47:14 Bracer
47:15 Scale Mail Armor
48:11 Siege Onager
49:35 Parthian Tactics
49:17 Thumb Ring
48:33 Elite Skirmisher
我血你
0:28 Loom
15:02 Feudal Age
16:23 Double-Bit Axe
20:43 Castle Age
18:55 Stone Mining
18:58 Gold Mining
19:36 Horse Collar
22:21 Wheelbarrow
21:58 Bow Saw
23:07 Heavy Plow
30:01 Gold Shaft Mining
32:21 Fletching
32:49 Hand Cart
37:44 Imperial Age
36:55 Ballistics
37:57 Bodkin Arrow
38:04 Padded Archer Armor
38:28 Scale Barding Armor
38:33 Forging
38:54 Conscription
38:11 Elite Janissary
41:16 Husbandry
41:27 Bloodlines
41:45 Artillery
42:08 Leather Archer Armor
45:35 Bombard Tower
53:07 Iron Casting
52:55 Caravan
92:35 Heavy Camel Rider
95:47 Chain Barding Armor
97:39 Plate Barding Armor
98:04 Blast Furnace
116:00 Two-Man Saw
Pets_T饕
11:36 Feudal Age
15:17 Castle Age
13:49 Double-Bit Axe
15:25 Wheelbarrow
20:30 Hand Cart
20:37 Bow Saw
21:32 Horse Collar
21:44 Stone Mining
21:46 Gold Mining
23:21 Town Watch
23:22 Loom
23:29 Loom
25:55 Heavy Plow
30:20 Imperial Age
28:12 Fletching
28:28 Scale Barding Armor
30:24 Caravan
31:00 Ballistics
30:35 Murder Holes
30:53 Masonry
30:41 Bodkin Arrow
31:06 Chain Barding Armor
31:11 Siege Engineers
31:51 Crop Rotation
32:11 Gold Shaft Mining
32:19 Stone Shaft Mining
32:26 Town Patrol
32:34 Heavy Scorpion
34:19 Bloodlines
34:10 Husbandry
33:34 Light Cavalry
34:51 Double Crossbow
35:12 Conscription
34:53 Tusk Swords
35:37 Elite Ballista Elephant
36:37 Hussar
46:30 Elite Ballista Elephant
51:24 Chemistry
50:55 Architecture
51:03 Plate Barding Armor
50:39 Forging
50:30 Bracer
51:18 Elite Battle Elephant
54:22 Iron Casting
59:33 Blast Furnace
88:31 Fortified Wall
113:00 Coinage
116:26 Banking
Tony662660
9:55 Feudal Age
9:57 Loom
13:21 Castle Age
13:34 Town Watch
13:52 Scale Mail Armor
14:02 Gambesons
28:13 Wheelbarrow
35:01 Hand Cart
43:33 Gold Mining
47:59 Gold Shaft Mining
47:17 Double-Bit Axe
48:44 Bow Saw
51:42 Stone Mining
51:36 Horse Collar
54:01 Stone Shaft Mining
53:30 Heavy Plow
54:29 Coinage
54:02 Caravan
54:30 Fortified Wall
54:41 Ballistics
54:02 Treadmill Crane
55:53 Fletching
62:31 Imperial Age
60:03 Town Patrol
60:40 Bodkin Arrow
62:50 Siege Engineers
63:00 Fortified Bastions
63:02 Padded Archer Armor
63:55 Crop Rotation
64:30 Two-Man Saw
65:28 Chemistry
64:40 Masonry
64:17 Arrowslits
64:49 Leather Archer Armor
65:26 Conscription
65:11 Bracer
67:29 Ring Archer Armor
66:45 Capped Ram
68:13 Banking
67:54 Guilds
68:17 Thunderclap Bombs
69:27 Forging
69:48 Architecture
69:10 Guard Tower
69:15 Murder Holes
69:59 Hoardings
71:05 Scale Barding Armor
71:37 Iron Casting
71:17 Chain Mail Armor
71:18 Squires
71:37 Pikeman
74:07 Blast Furnace
75:15 Arson
75:52 Chain Barding Armor
75:07 Halberdier
78:18 Plate Barding Armor
77:49 Husbandry
78:00 Bloodlines
77:11 Light Cavalry
78:47 Elite Steppe Lancer
80:29 Hussar
88:17 Elite Fire Lancer
92:04 Siege Ram
110:14 Heavy Rocket Cart
132:52 Elite Iron Pagoda
135:05 Sappers
Wowa94
2:55 Loom
9:12 Feudal Age
14:31 Castle Age
13:09 Gold Mining
13:14 Double-Bit Axe
13:25 Horse Collar
14:09 Stone Mining
16:26 Fervor
17:20 Scale Barding Armor
17:26 Forging
19:06 Chain Barding Armor
24:00 Wheelbarrow
26:00 Husbandry
30:29 Iron Casting
31:47 Heavy Plow
33:46 Bow Saw
34:45 Hand Cart
34:15 Town Watch
36:54 Bloodlines
36:49 Scale Mail Armor
36:43 Fletching
36:54 Padded Archer Armor
37:56 Pikeman
38:37 Squires
38:55 Chain Mail Armor
39:48 Bodkin Arrow
40:08 Leather Archer Armor
39:41 Arson
42:26 Town Patrol
47:12 Imperial Age
44:48 Hill Forts
45:14 Ballistics
45:05 Masonry
47:18 Stone Shaft Mining
48:25 Tower Shields
48:46 Conscription
47:50 Halberdier
49:09 Plate Barding Armor
48:36 Bracer
49:06 Ring Archer Armor
50:13 Chemistry
48:54 Treadmill Crane
49:10 Murder Holes
49:45 Architecture
49:27 Fortified Wall
49:36 Elite Skirmisher
54:28 Two-Man Saw
54:00 Crop Rotation
62:17 Coinage
61:58 Guilds
66:02 Banking
76:27 Caravan
79:59 Elite Leitis
81:15 Hoardings
92:32 Light Cavalry
93:26 Winged Hussar
127:20 Onager
Бябрик
12:06 Feudal Age
15:57 Castle Age
14:37 Horse Collar
14:46 Double-Bit Axe
20:54 Loom
35:27 Wheelbarrow
38:01 Forging
37:57 Scale Barding Armor
38:23 Hand Cart
39:33 Gold Mining
39:34 Stone Mining
40:48 Iron Casting
40:41 Masonry
41:25 Gold Shaft Mining
41:49 Husbandry
41:59 Bloodlines
42:16 Chain Barding Armor
44:09 Heavy Plow
46:47 Imperial Age
45:06 Pikeman
45:46 Squires
45:33 Arson
45:09 Man-at-Arms
46:49 Scale Mail Armor
46:52 Cavalier
48:43 Blast Furnace
48:19 Plate Barding Armor
47:59 Chain Mail Armor
48:33 Conscription
48:36 Paladin
56:12 Caravan
107:39 Light Cavalry
Deivid7201
0:38 Loom
13:44 Feudal Age
19:44 Castle Age
17:47 Fletching
18:10 Forging
17:50 Double-Bit Axe
18:45 Horse Collar
20:48 Bow Saw
23:33 Chemistry
28:20 Wheelbarrow
29:06 Ballistics
29:23 Iron Casting
28:12 Pikeman
28:52 Squires
28:38 Arson
31:13 Heavy Plow
34:06 Imperial Age
32:49 Hand Cart
32:47 Scale Mail Armor
32:12 Elite Skirmisher
33:07 Fervor
36:08 Two-Man Saw
37:10 Caravan
37:59 Conscription
37:46 Wagenburg Tactics
39:06 Siege Engineers
45:21 Houfnice
49:05 Onager
56:28 Halberdier
57:55 Padded Archer Armor
58:57 Blast Furnace
58:13 Chain Mail Armor
70:04 Plate Mail Armor
83:43 Town Watch
84:11 Masonry
83:48 Arrowslits
84:02 Bodkin Arrow
88:18 Heavy Scorpion
117:26 Architecture
116:52 Murder Holes
117:08 Fortified Wall
reyangel141
1:19 Loom
11:04 Feudal Age
16:46 Castle Age
15:36 Wheelbarrow
15:26 Double-Bit Axe
20:55 Hand Cart
23:04 Horse Collar
27:07 Gold Mining
27:10 Stone Mining
28:33 Heavy Plow
29:36 Fortified Wall
31:14 Gold Shaft Mining
30:41 Caravan
31:02 Murder Holes
31:27 Ballistics
34:36 Imperial Age
33:19 Scale Barding Armor
33:05 Fletching
33:25 Forging
33:20 Town Watch
35:38 Conscription
35:58 Counterweights
35:16 Elite Mameluke
36:26 Town Patrol
36:39 Bow Saw
37:36 Chemistry
36:42 Siege Engineers
36:57 Onager
38:49 Bloodlines
38:39 Husbandry
38:19 Siege Onager
40:54 Bodkin Arrow
41:08 Padded Archer Armor
41:29 Chain Barding Armor
41:44 Iron Casting
41:48 Bracer
47:34 Leather Archer Armor
47:55 Plate Barding Armor
48:20 Blast Furnace
47:21 Scale Mail Armor
53:30 Masonry
54:54 Two-Man Saw
58:14 Chain Mail Armor
58:29 Ring Archer Armor
91:28 Squires
90:48 Pikeman
91:14 Gambesons
93:06 Bimaristan
Connection lost

Rejoining the realm…

Still unreachable

The connection could not be restored.

Session expired

The server has moved on; the page needs a fresh start.